 Dungeon Crawl Stone Soup version 0.31-a0-675-g238779eb0a (webtiles) character file.

Game seed: 2621543751415950181

98 qw the Shooter (level 4, 0/28 HPs)
             Began as a Gargoyle Hunter on Sept 5, 2023.
             Slain by a gnoll
             ... wielding a +0 halberd
              (12 damage)
             ... on level 2 of the Dungeon.
             The game lasted 00:00:29 (1034 turns).

qw the Shooter (Gargoyle Hunter)                    Turns: 1034, Time: 00:00:30

Health: 0/28       AC:  6    Str: 14    XL:     4   Next: 69%
Magic:  4/4        EV: 11    Int: 10    God:
Gold:   123        SH:  0    Dex: 15    Spells: 3/3 levels left

rFire   . . .        Y - +0 shortbow
rCold   . . .        (shield currently unavailable)
rNeg    + . .        c - +0 leather armour
rPois   inf          (no helmet)
rElec   +            (no cloak)
rCorr   .            (no gloves)
SInv    .            (no boots)
Will    .....        (no amulet)
Stlth   ++           (no ring)
HPRegen 0.24/turn    (no ring)
MPRegen 0.09/turn

%: no passive effects
@: no status effects
A: sickness immunity, AC +3, negative energy resistance 1, electricity
resistance, torment resistance 1, petrification resistance
a: no special abilities


You were on level 2 of the Dungeon.
You visited 1 branch of the dungeon, and saw 2 of its levels.

You collected 123 gold pieces.


Innate Abilities, Weirdness & Mutations

You are immune to sickness and miasma.
Your stone body is resilient. (AC +3)
You are immune to poison.
You resist negative energy. (rN+)
You are resistant to electric shocks. (rElec)
You are resistant to unholy torment.
You are immune to petrification.


   Skills:
 - Level 3.4 Fighting
 + Level 5.4 Ranged Weapons
 - Level 1.5 Dodging
 - Level 1.1 Stealth


You had 3 spell levels left.
You didn't know any spells.
Your spell library was empty.

Inventory:

Hand Weapons
 Y - a +0 shortbow (weapon)
Armour
 c - a +0 leather armour (worn)
 d - a +0 helmet
 g - a +0 ring mail
Jewellery
 f - a ring of protection from fire
Scrolls
 a - a scroll of noise {unknown}
 b - a scroll of identify
Potions
 e - 2 potions of curing {unknown}

Dungeon Overview and Level Annotations

Branches:
Dungeon (2/15)

Altars:


Message History

You shoot an arrow. The arrow barely misses the adder.
The adder bites you but does no damage. The adder barely misses you.
The gnoll barely misses you.
Enter note:
1026 |||
Found retreat position at 1,0 (floor) with 0 blocking monsters and 2 monsters attacking at destination at distance 1
1026 ||| Stepping ~*~*~tactically~*~*~ (retreating).
You shoot an arrow. The arrow closely misses the adder.
The arrow hits the gnoll.
The gnoll is moderately wounded.
The adder closely misses you.
You shoot an arrow. The arrow closely misses the adder.
The arrow hits the gnoll.
The gnoll is heavily wounded.
The adder bites you but does no damage. x2
A gnoll comes into view. It is wielding a +0 club.
You shoot an arrow. The gnoll shouts!
The arrow hits the adder.
The adder is severely wounded.
The adder closely misses you.
You shoot an arrow. The arrow closely misses the adder.
The arrow hits the gnoll.
The gnoll is heavily wounded.
The adder barely misses you. The adder bites you.
You shoot an arrow. The arrow misses the adder.
The arrow hits the gnoll!
You kill the gnoll!
The adder bites you but does no damage.
The gnoll hits you from afar with a +0 halberd!
You shoot an arrow. The arrow closely misses the adder.
The adder closely misses you. The gnoll hits you but does no damage.
The adder bites you but does no damage.
You shoot an arrow. The arrow barely misses the adder.
The arrow hits the gnoll but does no damage.
The gnoll hits you from afar with a +0 halberd.
The adder closely misses you.
You shoot an arrow. The arrow hits the adder.
You kill the adder!
The gnoll hits you from afar with a +0 halberd.
The gnoll hits you from afar with a +0 halberd!
You die...

######...##.#####.
.....<.#..........
######...##.......
#. ##.###.#####.
#.. #.# #.# #..##
#.# #.. #.... #.#
###
...#.##########.#
#.....#)g@......#
#. #..g#########
#$. ##..#
#...#..## # #....#
#. ####g# #..##
#.# #.... #.#
#..## #g# #.# #


You could see 2 gnolls.

Vanquished Creatures
  Jessica (D:2)
  A gnoll (D:2)
  3 adders (D:2)
  3 bats (D:1)
  6 endoplasms (D:1)
  2 giant cockroaches
  5 goblins
  2 hobgoblins (D:1)
  6 kobolds
  3 quokkas (D:1)
  5 ball pythons
  3 frilled lizards (D:1)
  5 rats
45 creatures vanquished.

Notes
Turn   | Place    | Note
-------+----------+-------------------------------------------
     0 | D:1      | qw the Gargoyle Hunter began the quest for the Orb.
     0 | D:1      | Reached XP level 1. HP: 12/12 MP: 1/1
     0 | D:1      | 0 ||| qw: Version: 0.3-a-75-g829b12e
     0 | D:1      | 0 ||| qw: Game counter: 167
     0 | D:1      | 0 ||| qw: Melee chars always use a shield: true
     0 | D:1      | 0 ||| qw: God list: Okawaru
     0 | D:1      | 0 ||| qw: Allow faded altars: false
     0 | D:1      | 0 ||| qw: Do Orc after clearing Dungeon:15 true
     0 | D:1      | 0 ||| qw: Do second Lair branch before Depths: true
     0 | D:1      | 0 ||| qw: Lair rune preference: random
     0 | D:1      | 0 ||| qw: Goals: Normal
     0 | D:1      | 0 ||| PLANNING D:1-11
   161 | D:1      | Reached XP level 2. HP: 17/17 MP: 2/2
   468 | D:1      | Reached XP level 3. HP: 21/21 MP: 3/3
   506 | D:1      | Reached skill level 5 in Ranged Weapons
   703 | D:1      | 703 ||| READING scroll labelled TIK HEMPIFFU.
   704 | D:1      | 704 ||| DROPPING scroll of butterflies.
   793 | D:2      | Noticed Jessica
   794 | D:2      | 794 ||| Stepping ~*~*~tactically~*~*~ (outnumbered).
   796 | D:2      | 796 ||| Stepping ~*~*~tactically~*~*~ (outnumbered).
   807 | D:2      | Killed Jessica
   808 | D:2      | Reached skill level 3 in Fighting
   808 | D:2      | Reached XP level 4. HP: 21/28 MP: 4/4
   813 | D:2      | 813 ||| FLEEEEING.
  1020 | D:2      | 1020 ||| Stepping ~*~*~tactically~*~*~ (retreating).
  1021 | D:2      | 1021 ||| Stepping ~*~*~tactically~*~*~ (retreating).
  1022 | D:2      | 1022 ||| Stepping ~*~*~tactically~*~*~ (retreating).
  1023 | D:2      | 1023 ||| Stepping ~*~*~tactically~*~*~ (retreating).
  1026 | D:2      | 1026 ||| Stepping ~*~*~tactically~*~*~ (retreating).
  1034 | D:2      | Slain by a gnoll

Levels and vault maps discovered:
D:1:      dpeg_arrival_more_subterranean_lakeside_camping, layout_basic
D:2:      layout_loops_ring, uniq_jessica

Skill      XL: |  1  2  3 |
---------------+----------+-----
Ranged Weapons | 5 |  5.4
Fighting       | 3 |  3.4
Dodging        | |  1.5
Stealth        | |  1.1

Action                     |  1- 3 |  4- 6 || total
---------------------------+-------+-------++-------
   Fire: Shortbow          |    89 |    34 ||   123
    Use: Scroll            |     1 |       ||     1
 Armour: Leather armour    |    14 |    17 ||    31
  Dodge: Dodged            |    18 |    16 ||    34

Table legend:
 A = Non-vault XP
 B = Vault XP
 C = Vault XP percentage of total XP
 D = Non-vault monster count
 E = Vault monster count
 F = Vault count percentage of total count
                 A         B        C        D         E       F
            +---------+---------+-------+---------+---------+-------
      Total |     116 |      37 |  24.2 |      44 |       1 |   2.2
            +---------+---------+-------+---------+---------+-------
        D:1 |      50 |       0 |   0.0 |      32 |       0 |   0.0
        D:2 |      66 |      37 |  35.9 |      12 |       1 |   7.7
            +---------+---------+-------+---------+---------+-------
